AoeStats
← PapaShammy

Arabia

509471242Analyzed
1v1 RM · 5d ago on Sep 26, 2026· 30m 42s· 2 players
Game mode
Random Map
Map size
Tiny (2 player)
Population
200
Speed
Normal
Resources
Standard
Victory
Conquest
Starting age
Dark Age
Ending age
Imperial Age
RankedLock teamsTeams togetherTeam positionsShared explorationLock speedFull tech treeHidden civsTurbo modeCheats
Victory
Defeat
🇵🇹 Bulgarians · Portugal
410
+16
🇺🇸 Wu · United States
420
-16
wJesusRVzla
6:27 Loom
11:15 Feudal Age
13:31 Padded Archer Armor
13:36 Scale Mail Armor
13:47 Forging
14:02 Gold Mining
24:50 Wheelbarrow
30:34 Castle Age
28:28 Horse Collar
28:54 Double-Bit Axe
PapaShammy
14:19 Feudal Age
15:10 Double-Bit Axe
15:36 Loom
16:29 Wheelbarrow
19:23 Man-at-Arms
25:09 Wheelbarrow
29:32 Town Watch
Connection lost

Rejoining the realm…

Still unreachable

The connection could not be restored.

Session expired

The server has moved on; the page needs a fresh start.